 Dungeon Crawl Stone Soup version 0.18-a0-1575-g920359c (webtiles) character file.

182 4thArraOfDagon the Sneak (level 5, -4/42 HPs)
             Began as a Naga Enchanter on Mar 16, 2016.
             Was an Initiate of Gozag.
             Killed by nerve-wracking pain
             ... invoked by Grinder
              (13 damage)
             ... on level 3 of the Dungeon.
             The game lasted 00:08:48 (1420 turns).

4thArraOfDagon the Sneak (Naga Enchanter)           Turns: 1420, Time: 00:08:49

Health: -4/42      AC:  4    Str: 16    XL:     5   Next: 61%
Magic:  0/8        EV: 15    Int: 16    God:    Gozag
Gold:   37         SH:  0    Dex: 16    Spells: 3 memorised, 2 levels left

rFire  + . .     SeeInvis +     a - +1 dagger
rCold  + . .     Gourm    .     b - +1 robe
rNeg   . . .     Faith    .     (no shield)
rPois  +         Spirit   .     (no helmet)
rElec  +         Dismiss  .     l - +0 cloak
rCorr  +         Reflect  .     (no gloves)
SustAt .         Harm     .     (no barding)
MR     .....                    (no amulet)
Stlth  +++++.....               (no ring)
                                (no ring)

@: mighty, agile, resistant, very slightly contaminated, invisible, very slow,
not resistant to hostile enchantments, quite stealthy
A: see invisible, deformed body, poison resistance, slowness 2, slow metabolism
1, spit poison 2, AC +1
a: Spit Poison, Potion Petition, Call Merchant, Bribe Branch, Renounce Religion


You were on level 3 of the Dungeon.
You worshipped Gozag.
Gozag was noncommittal.
You were hungry.

You visited 2 branches of the dungeon, and saw 6 of its levels.

You collected 117 gold pieces.
You paid 80 gold pieces to Gozag.

Inventory:

Hand Weapons
 a - a +1 dagger (weapon)
Missiles
 v - 18 poisoned needles
Armour
 b - a +1 robe (worn)
 l - a +0 cloak (worn)
Scrolls
 e - a scroll of enchant weapon {unknown}
 i - 2 scrolls of fear
 n - a scroll of enchant armour {unknown}
 o - a scroll of blinking {unknown}
 p - 2 scrolls of teleportation {unknown}
 r - 3 scrolls of remove curse {unknown}
 s - a scroll of silence {unknown}
 u - a scroll of magic mapping {unknown}
Potions
 h - a potion of curing
Books
 c - a book of Maledictions

   Spells                             Type                      Level
   a - Corona                         Hexes                        1
   b - Ensorcelled Hibernation        Hexes/Ice                    2
   c - Confuse                        Hexes                        3
   d - Tukima's Dance                 Hexes                        3
   e - Dazzling Spray                 Conjuration/Hexes            3
Comestibles
 d - 5 bread rations
 f - 2 fruits
 j - 4 meat rations


   Skills:
 * Level 2.8 Short Blades
 - Level 1.5 Dodging
 * Level 6.6 Stealth
 - Level 2.0 Spellcasting
 + Level 3.5 Hexes
 * Level 2.2 Ice Magic


You had 2 spell levels left.
You knew the following spells:

 Your Spells              Type           Power        Failure   Level  Hunger
a - Corona                Hex            ##.....      6%          1    #......
b - Ensorcelled Hibernat  Hex/Ice        ##....       12%         2    ###....
c - Confuse               Hex            ##......     14%         3    ###....


Dungeon Overview and Level Annotations

Branches:
Dungeon (5/15)             Temple (1/1) D:4

Altars:
Ashenzari
Dithmenos
Elyvilon
Gozag
Pakellas
Vehumet
Xom
Yredelemnul
Zin
The Shining One

Annotations:
D:3 Grinder, Robin
D:4 Dowan, Duvessa


Innate Abilities, Weirdness & Mutations

You cannot wear boots.
Your serpentine skin is tough (AC +1).
You have supernaturally acute eyesight.
Armour fits poorly on your strangely shaped body.
Your system is resistant to poisons.
You cover ground very slowly.
You have a slow metabolism.
You can spit poison.


Message History

Read which item? (? for menu, Esc to quit)
Okay, then.
Unknown command.
Drink which item? (? for menu, Esc to quit)
Okay, then.
Unknown command.
Unknown command.
Unknown command.
Unknown command.
Unknown command. [a] - 0 gold - resistance, might and agility [b] - 0 gold - might, agility and brilliance [c] - 0 gold - haste and resistance Purchase which effect?
You feel protected.
You feel very mighty all of a sudden.
You feel agile all of a sudden. Grinder gestures at you.
Pain shoots through your body!
You die...
Your body crumbles into a pile of gold.

##...##.# #..# #.# #. #.##..#.#
#..###.# #. #####.#.....#
#....#.# #. ..........###
#.##.#.# #. ######..(## #.##.#.#
#. ....)5.#..# #.##.#.# #.
##.####.#g##### #.##.#.# #.
#.........g...###5##.#.# #.
........#..g....@.##.#.# #.
#(.##########.######.#.#########.
#. #..).....#...........
#####################


You could see Grinder, a hobgoblin (wandering) and 2 goblins.

Vanquished Creatures
  A howler monkey (D:4)
  A hound (D:5)
  2 worker ants
  A howler monkey skeleton (D:4)
  An adder (D:4)
  An ooze (D:5)
  A worm (D:4)
  A dart slug (D:2)
  2 giant geckos
  An orc (D:3)
  A bat (D:1)
  A giant cockroach (D:1)
  4 goblins
  5 hobgoblins
  5 jackals (D:4)
  A quokka (D:3)
  4 giant newts
  4 kobolds
  A rat (D:3)
38 creatures vanquished.

Notes
Turn   | Place    | Note
--------------------------------------------------------------
     0 | D:1      | 4thArraOfDagon the Naga Enchanter began the quest for the Orb.
     0 | D:1      | Reached XP level 1. HP: 15/15 MP: 3/3
     0 | D:1      | MEH
   135 | D:1      | Reached XP level 2. HP: 16/22 MP: 5/5
   218 | D:2      | Reached skill level 5 in Stealth
   222 | D:2      | Learned a level 2 spell: Ensorcelled Hibernation
   442 | D:3      | Noticed Grinder
   456 | D:3      | Noticed Robin
   469 | D:3      | Reached XP level 3. HP: 12/28 MP: 1/6
   520 | D:4      | Learned a level 3 spell: Confuse
   525 | D:4      | Found an oddly glowing altar of Pakellas.
   536 | D:4      | Noticed a phantom
   546 | D:4      | Found a staircase to the Ecumenical Temple.
   591 | D:4      | Reached skill level 1 in Ice Magic
   591 | D:4      | Reached XP level 4. HP: 21/36 MP: 0/7
   638 | Temple   | Entered the Ecumenical Temple
   715 | D:4      | Noticed Duvessa
   794 | D:4      | Reached skill level 6 in Stealth
   822 | D:5      | Entered Level 5 of the Dungeon
   879 | D:5      | Reached XP level 5. HP: 42/42 MP: 8/8
   889 | D:5      | Noticed a water moccasin
  1042 | Temple   | Became a worshipper of Gozag Ym Sagoz the Greedy
  1114 | D:4      | Noticed Dowan
  1350 | D:3      | Paralysed by Grinder for 2 turns
  1361 | D:3      | Paralysed by Grinder for 2 turns
  1374 | D:3      | Paralysed by Grinder for 2 turns
  1391 | D:3      | Paralysed by Grinder for 7 turns
  1412 | D:3      | Paralysed by Grinder for 7 turns
  1420 | D:3      | Killed from afar by Grinder

Vault maps used:
D:1:      dpeg_arrival_orchard, hangedman_decor_riveting
D:2:      first_bread, serial_co_window_serial, co_window_corner_a,
          co_window_paths_a, co_window_cross_1, co_window_corner_a,
          co_window_of_opportunity_a, co_window_broadway_c,
          co_window_broadway_c, co_window_paths_c, co_window_broadway_c,
          co_window_of_opportunity_c, glass_columns_a, glass_columns_b,
          glass_columns_b
D:3:      uniq_robin, uniq_terence, uniq_grinder
D:4:      lemuel_crystal_altar, grunt_pakellas_mercury,
          minmay_temple_entry_large_hall, tso_altar, uniq_duvessa
Temple:   dpeg_three_leaves_temple_9

Skill      XL: |  1  2  3  4  5 |
---------------+----------------+-----
Stealth        | 5 6 |  6.6
Short Blades   | 2 |  2.8
Ice Magic      | 1 2 |  2.2
Dodging        | |  1.5
Spellcasting   | |  2.0
Hexes          | |  3.5

Action                   |  1- 3 |  4- 6 || total
-------------------------+-------+-------++-------
Melee: Dagger            |    42 |    73 ||   115
 Cast: Corona            |     1 |       ||     1
       Ensorcelled Hiber |     6 |     5 ||    11
       Confuse           |       |     2 ||     2
Invok: Potion Petition   |       |     1 ||     1
 Abil: Spit Poison       |    21 |     6 ||    27
  Use: Scroll            |       |     4 ||     4
       Potion            |       |     4 ||     4
 Stab: Sleeping          |     6 |     5 ||    11
       Distracted        |       |     1 ||     1
  Eat: Chunk             |       |     2 ||     2
       Beef jerky        |       |     1 ||     1
